 Dungeon Crawl Stone Soup version 0.23.2-1-ga50397a6bc (webtiles) character file.

Game seed: 3818520992502194005

926 Freyura the Cudgeler (level 7, -16/54 HPs)
             Began as a Demonspawn Gladiator on May 2, 2019.
             Was a Believer of Qazlal.
             Demolished by a large abomination (18 damage)
             ... on level 1 of the Abyss.
             The game lasted 00:12:32 (3239 turns).

Freyura the Cudgeler (Demonspawn Gladiator)         Turns: 3239, Time: 00:12:33

Health: -16/54     AC: 20    Str: 19    XL:     7   Next: 85%
Magic:  9/9        EV: 18    Int: 10    God:    Qazlal [**....]
Gold:   248        SH:  2    Dex: 21    Spells: 6/6 levels left

rFire    . . .     SeeInvis .   d - +1 flail (protect)
rCold    . . .     Gourm    .   (no shield)
rNeg     . . .     Faith    .   p - +0 scale mail {MR+}
rPois    .         Spirit   .   c - +0 helmet
rElec    .         Reflect  .   (no cloak)
rCorr    .         Harm     .   i - +1 pair of gloves
MR       +....     Rnd*Tele +   m - +2 pair of boots
Stlth    +.........             (no amulet)
HPRegen  0.18/turn              u - ring of teleportation (curse)
MPRegen  0.11/turn              (no ring)

@: mighty, agile, protection aura
A: claws 1, demonic guardian 1, powered by pain 3
a: Upheaval, Renounce Religion


You were on level 1 of the Abyss.
You worshipped Qazlal.
Qazlal was pleased with you.
You were hungry.

You visited 1 branch of the dungeon, and saw 4 of its levels.
You visited the Abyss 1 time.

You collected 248 gold pieces.

Inventory:

Hand Weapons
 d - a +1 flail of protection (weapon)
 h - a +1 mace of draining
Armour
 c - a +0 helmet (worn)
 i - a +1 pair of gloves (worn)
 m - a +2 pair of boots (worn)
 p - a +0 scale mail of magic resistance (worn)
Jewellery
 l - an uncursed amulet of magic regeneration
 u - a cursed ring of teleportation (left hand)
Wands
 n - a wand of flame (12)
Scrolls
 b - a scroll of enchant weapon
 e - a scroll of fear {unknown}
 k - 8 scrolls of identify
 o - 2 scrolls of teleportation
Potions
 a - a potion of magic {unknown}
 g - 2 potions of might
 j - a potion of flight
 q - a potion of mutation {unknown}
Comestibles
 f - 9 rations


   Skills:
 + Level 4.2 Fighting
 * Level 5.7 Maces & Flails
 - Level 1.7 Throwing
 + Level 2.7 Armour
 + Level 4.4 Dodging
 + Level 3.7 Invocations


You had 6 spell levels left.
You didn't know any spells.
Your spell library was empty.

Dungeon Overview and Level Annotations

Branches:
Dungeon (4/15)
 Temple: D:4-7

Altars:
Ashenzari
Kikubaaqudgha
Qazlal
Yredelemnul


Innate Abilities, Weirdness & Mutations

You have sharp fingernails.
A weak demonic guardian rushes to your aid.
You are powered by pain.


Message History

The large abomination is lightly damaged.
The large abomination hits you!!
Ouch! That really hurt!
* * * LOW HITPOINT WARNING * * *
You focus on the pain.
You feel agile all of a sudden.
Wield which item (- for none, * to show all)? (? for menu, Esc to quit)
Your +1 flail of protection hums with potential!
d - a +1 flail of protection (weapon)
The large abomination closely misses you.
You are too injured to fight recklessly!
You feel very mighty all of a sudden.
You hit the large abomination but do no damage.
Your weapon exudes an aura of protection.
The large abomination is lightly damaged.
The large abomination misses you.
You hit the large abomination.
The large abomination is lightly damaged.
The large abomination hits you!!
You die...

.. .#. .#.#
## . ....
### #..##..
. . .....#
# #...#..##
#....##..##
.#.#..# ##
# #.#..#
#.#..##
..#.@#
#5##X.# #.
### #. #.
.. .# .


You could see a large abomination and a friendly white imp.

Vanquished Creatures
  Grinder (D:3)
  Sigmund (D:4)
  Edmund (D:4)
  An ogre (D:4)
  An orc wizard (D:4)
  An orc priest (D:3)
  Ijyb (D:3)
  Natasha (thrice) (D:4)
  Terence (D:2)
  A worker ant (D:4)
  A hound skeleton (D:4)
  Robin (D:3)
  4 gnolls
  4 adders (D:3)
  An ooze (D:3)
  2 worms
  3 dart slugs (D:1)
  2 leopard geckos
  15 orcs
  5 bats
  8 hobgoblins
  2 jackals (D:1)
  2 quokkas
  A ball python (D:3)
  A frilled lizard (D:2)
  13 goblins
  5 kobolds
  7 rats
89 creatures vanquished.

Notes
Turn   | Place    | Note
-------+----------+-------------------------------------------
     0 | D:1      | Freyura the Demonspawn Gladiator began the quest for the
                  | Orb.
     0 | D:1      | Reached XP level 1. HP: 16/16 MP: 1/1
   231 | D:1      | Reached skill level 3 in Maces & Flails
   233 | D:1      | Gained mutation: You sometimes gain a little power by
                  | taking damage. [demonic ancestry]
   233 | D:1      | Reached XP level 2. HP: 10/22 MP: 2/2
   557 | D:1      | Gained mutation: You sometimes gain power by taking damage.
                  | [demonic ancestry]
   557 | D:1      | Reached XP level 3. HP: 18/28 MP: 3/3
   800 | D:2      | Noticed Terence
   814 | D:2      | Killed Terence
   948 | D:2      | Reached XP level 4. HP: 34/34 MP: 4/4
  1157 | D:3      | Found a stormy altar of Qazlal.
  1159 | D:3      | Noticed a water elemental
  1160 | D:3      | Noticed an air elemental
  1160 | D:3      | Noticed an earth elemental
  1160 | D:3      | Noticed a fire elemental
  1165 | D:3      | Became a worshipper of Qazlal Stormbringer
  1301 | D:3      | Noticed Grinder
  1318 | D:3      | HP: 1/34 [orc priest/nerve-wracking pain (9)]
  1325 | D:3      | Paralysed by Grinder for 3 turns
  1330 | D:3      | Reached skill level 4 in Maces & Flails
  1330 | D:3      | Gained mutation: A weak demonic guardian rushes to your
                  | aid. [demonic ancestry]
  1330 | D:3      | Reached XP level 5. HP: 6/40 MP: 5/5
  1336 | D:3      | HP: 2/40 [orc/+0 flail (3)]
  1347 | D:3      | Killed Grinder
  1347 | D:3      | Reached skill level 1 in Armour
  1347 | D:3      | Gained mutation: You have sharp fingernails. [demonic
                  | ancestry]
  1347 | D:3      | Reached XP level 6. HP: 6/47 MP: 5/7
  1692 | D:3      | Found a basalt altar of Yredelemnul.
  1841 | D:3      | Found a faded altar of an unknown god.
  1958 | D:3      | Reached * piety under Qazlal
  2122 | D:3      | Noticed Ijyb
  2145 | D:3      | Killed Ijyb
  2202 | D:3      | Noticed Robin
  2213 | D:3      | Killed Robin
  2662 | D:4      | Noticed Natasha
  2665 | D:4      | Killed Natasha
  2665 | D:4      | Reached skill level 5 in Maces & Flails
  2674 | D:4      | Gained mutation: You are powered by pain. [demonic
                  | ancestry]
  2674 | D:4      | Reached XP level 7. HP: 51/52 MP: 7/9
  2698 | D:4      | Found a shattered altar of Ashenzari.
  2773 | D:4      | Found an ancient bone altar of Kikubaaqudgha.
  2824 | D:4      | Noticed Edmund
  2842 | D:4      | Killed Edmund
  2842 | D:4      | Reached ** piety under Qazlal
  2891 | D:4      | Noticed Sigmund
  2897 | D:4      | Killed Sigmund
  2915 | D:4      | Noticed Natasha
  2922 | D:4      | Killed Natasha
  3100 | D:4      | Noticed Natasha
  3109 | D:4      | Killed Natasha
  3170 | D:4      | Cast into level 1 of the Abyss (orc)
  3221 | Abyss:1  | Noticed a large abomination
  3235 | Abyss:1  | HP: 1/54 [large abomination (31)]
  3239 | Abyss:1  | Demolished by a large abomination

Skill      XL: |  1  2  3  4  5  6  7 |
---------------+----------------------+-----
Maces & Flails | 3 4 5 |  5.7
Dodging        | 3 4 |  4.4
Fighting       | 3 4 |  4.2
Armour         | 1 2 |  2.7
Invocations    | 2 3 |  3.7
Throwing       | |  1.7

Action                   |  1- 3 |  4- 6 |  7- 9 || total
-------------------------+-------+-------+-------++-------
Melee: Flail             |    15 |       |     2 ||    17
       Mace              |    48 |   211 |    58 ||   317
  Use: Potion            |       |     5 |     1 ||     6
       Scroll            |       |     7 |       ||     7
 Stab: Sleeping          |     1 |     2 |       ||     3
  Eat: Chunk             |       |     5 |     2 ||     7
Armor: Leather armour    |    15 |    32 |       ||    47
       Skin              |       |     1 |       ||     1
       Scale mail        |       |    31 |    20 ||    51
Dodge: Dodged            |    37 |   139 |    23 ||   199
Block: Other             |       |     3 |     4 ||     7
